UAA
REMSEN ALPHAS @ ATLANTIC CITY SONICS
07/21/2018
 
TOP OF THE 1ST
Remsen Alphas batting - Pitching for Atlantic City Sonics : RHP Ramón Leyva
Pitching: RHP Ramón Leyva
Batting: RHB Rafael Herrera 0-0: Called Strike
0-1: Ground out 1-3 (Groundball, 13)
Batting: LHB Keith Alexander 0-0: Called Strike
0-1: Ball
1-1: SINGLE (Line Drive, 4MD)
Batting: RHB Bryan Wilson 0-0: Called Strike
0-1: Foul Ball, location: 2F
0-2: Ball
1-2: Ball
2-2: Ball
3-2: Ground out 5-3 (Groundball, 5S)
Keith Alexander to second
Batting: RHB Francisco García 0-0: Ball
1-0: Called Strike
1-1: Ball
2-1: Ball
3-1: Foul Ball, location: 2F
3-2: Strikes out swinging
Top of the 1st over - 0 run(s), 1 hit(s), 0 error(s), 1 left on base; Remsen 0 - Atlantic City 0
BOTTOM OF THE 1ST
Atlantic City Sonics batting - Pitching for Remsen Alphas : RHP José Cabrera
Pitching: RHP José Cabrera
Batting: RHB Thomas Campbell 0-0: Swinging Strike
0-1: Ground out 5-3 (Groundball, 56S)
Batting: RHB Chris Henderson 0-0: Ball
1-0: Ground out 5-3 (Groundball, 56S)
Batting: RHB Jesús Orozco 0-0: Called Strike
0-1: Fly out, F2 (Popup, 2L)
Bottom of the 1st over - 0 run(s), 0 hit(s), 0 error(s), 0 left on base; Remsen 0 - Atlantic City 0
TOP OF THE 2ND
Remsen Alphas batting - Pitching for Atlantic City Sonics : RHP Ramón Leyva
Batting: RHB José Magana 0-0: Fly out, F8 (Flyball, 8RM)
Batting: RHB Iván Ríos 0-0: Ball
1-0: Fly out, F7 (Line Drive, 78M)
Batting: RHB Bernaldyn Berbedo 0-0: Ball
1-0: Swinging Strike
1-1: Foul Ball, location: 2F
1-2: Foul Ball, location: 2F
1-2: Fly out, F3 (Popup, 3DF)
Top of the 2nd over - 0 run(s), 0 hit(s), 0 error(s), 0 left on base; Remsen 0 - Atlantic City 0
BOTTOM OF THE 2ND
Atlantic City Sonics batting - Pitching for Remsen Alphas : RHP José Cabrera
Batting: LHB Pedro López 0-0: Swinging Strike
0-1: Called Strike
0-2: Ball
1-2: Strikes out swinging
Batting: RHB Jason Duncan 0-0: Ground out 2-3 (Groundball, 2L)
Batting: RHB Marty Hayden 0-0: Ball
1-0: Called Strike
1-1: Foul Ball, location: 2F
1-2: Ground out 4-3 (Groundball, 4)
Bottom of the 2nd over - 0 run(s), 0 hit(s), 0 error(s), 0 left on base; Remsen 0 - Atlantic City 0
TOP OF THE 3RD
Remsen Alphas batting - Pitching for Atlantic City Sonics : RHP Ramón Leyva
Batting: RHB Juan Salinas 0-0: Called Strike
0-1: Called Strike
0-2: Strikes out swinging
Batting: RHB Bert Motevassel 0-0: Called Strike
0-1: Ball
1-1: Ground out 6-3 (Groundball, 6M)
Batting: RHB Rafael Herrera 0-0: Foul Ball, location: 2F
0-1: Ball
1-1: SINGLE (Line Drive, 4D)
Batting: LHB Keith Alexander 0-0: Ball
1-0: Called Strike
Rafael Herrera steals 2nd base
1-1: Swinging Strike
1-2: Ball
2-2: Strikes out swinging
Top of the 3rd over - 0 run(s), 1 hit(s), 0 error(s), 1 left on base; Remsen 0 - Atlantic City 0
BOTTOM OF THE 3RD
Atlantic City Sonics batting - Pitching for Remsen Alphas : RHP José Cabrera
Batting: LHB Steven Johnson 0-0: Ball
1-0: Called Strike
1-1: SINGLE (Line Drive, 34D)
Batting: RHB Michael Bucknell 0-0: Ball
1-0: Foul Ball, location: 2F
1-1: Ball
2-1: Foul Ball, location: 2F
2-2: Ball
3-2: Fly out, F7 (Flyball, 78M)
Batting: RHB António Granados 0-0: Called Strike
0-1: Ball
1-1: Ball
2-1: Ball
3-1: Foul Ball, location: 2F
3-2: Foul Ball, location: 2F
3-2: SINGLE (Groundball, 5D) (infield hit)
Steven Johnson to second
Batting: RHB Thomas Campbell 0-0: Ball
1-0: Fly out, F9 (Flyball, 89M)
Batting: RHB Chris Henderson 0-0: Fly out, F3 (Line Drive, 34)
Bottom of the 3rd over - 0 run(s), 2 hit(s), 0 error(s), 2 left on base; Remsen 0 - Atlantic City 0
TOP OF THE 4TH
Remsen Alphas batting - Pitching for Atlantic City Sonics : RHP Ramón Leyva
Batting: RHB Bryan Wilson 0-0: Ball
1-0: Ball
2-0: Ground out 6-3 (Groundball, 6)
Batting: RHB Francisco García 0-0: Foul Ball, location: 2F
0-1: Ball
1-1: Ground out 5-3 (Groundball, 5S)
Batting: RHB José Magana 0-0: Foul Ball, location: 2F
0-1: Foul Ball, location: 2F
0-2: Strikes out swinging
Top of the 4th over - 0 run(s), 0 hit(s), 0 error(s), 0 left on base; Remsen 0 - Atlantic City 0
BOTTOM OF THE 4TH
Atlantic City Sonics batting - Pitching for Remsen Alphas : RHP José Cabrera
Batting: RHB Jesús Orozco 0-0: Ground out 4-3 (Groundball, 4)
Batting: LHB Pedro López 0-0: Called Strike
0-1: Foul Ball, location: 2F
0-2: Strikes out swinging
Batting: RHB Jason Duncan 0-0: Called Strike
0-1: Ball
1-1: Called Strike
1-2: Foul Ball, location: 2F
1-2: Strikes out swinging, 2-3 out at first.
Bottom of the 4th over - 0 run(s), 0 hit(s), 0 error(s), 0 left on base; Remsen 0 - Atlantic City 0
TOP OF THE 5TH
Remsen Alphas batting - Pitching for Atlantic City Sonics : RHP Ramón Leyva
Batting: RHB Iván Ríos 0-0: Fly out, F9 (Flyball, 89M)
Batting: RHB Bernaldyn Berbedo 0-0: Called Strike
0-1: Foul Ball, location: 2F
0-2: DOUBLE (Line Drive, 7LM)
Batting: RHB Juan Salinas 0-0: Ball
1-0: Ground out 5-3 (Groundball, 56)
Batting: RHB Bert Motevassel 0-0: Ball
1-0: Foul Ball, location: 2F
1-1: Foul Ball, location: 2F
1-2: Ball
2-2: Strikes out swinging
Top of the 5th over - 0 run(s), 1 hit(s), 0 error(s), 1 left on base; Remsen 0 - Atlantic City 0
BOTTOM OF THE 5TH
Atlantic City Sonics batting - Pitching for Remsen Alphas : RHP José Cabrera
Batting: RHB Marty Hayden 0-0: Bunt for hit - play at first, batter OUT! 1-3
Batting: LHB Steven Johnson 0-0: Swinging Strike
0-1: SINGLE (Groundball, 4MD) (infield hit)
Batting: RHB Michael Bucknell 0-0: Called Strike
Throwing error on steal attempt, E2
Steven Johnson to third
0-1: Fly out, F9 (Popup, 3D)
Batting: RHB António Granados 0-0: Ground out 3-1 (Groundball, 34S)
Bottom of the 5th over - 0 run(s), 1 hit(s), 1 error(s), 1 left on base; Remsen 0 - Atlantic City 0
TOP OF THE 6TH
Remsen Alphas batting - Pitching for Atlantic City Sonics : RHP Ramón Leyva
Batting: RHB Rafael Herrera 0-0: Ball
1-0: Reached on error, E2 (Groundball, 25)
Batting: LHB Keith Alexander 0-0: Ball
1-0: Swinging Strike
1-1: Ball
2-1: Swinging Strike
2-2: Foul Ball, location: 2F
2-2: Foul Ball, location: 2F
2-2: Strikes out swinging
Batting: RHB Bryan Wilson 0-0: Called Strike
0-1: Swinging Strike
0-2: Ball
1-2: Ball
2-2: Ground out 5-3 (Groundball, 6S)
Rafael Herrera to third
Batting: RHB Francisco García 0-0: Called Strike
0-1: Foul Ball, location: 2F
0-2: Ball
1-2: Foul Ball, location: 2F
1-2: Ball
2-2: Ball
3-2: DOUBLE (Groundball, 5L)
Rafael Herrera scores
Batting: RHB José Magana 0-0: Swinging Strike
0-1: Called Strike
0-2: Ball
1-2: Foul Ball, location: 2F
1-2: Ball
2-2: Strikes out swinging
Top of the 6th over - 1 run(s), 1 hit(s), 1 error(s), 1 left on base; Remsen 1 - Atlantic City 0
BOTTOM OF THE 6TH
Atlantic City Sonics batting - Pitching for Remsen Alphas : RHP José Cabrera
Batting: RHB Thomas Campbell 0-0: Called Strike
0-1: Called Strike
0-2: Fly out, F8 (Flyball, 8RM)
Batting: RHB Chris Henderson 0-0: Ball
1-0: SINGLE (Groundball, 34D) (infield hit)
Batting: RHB Jesús Orozco 0-0: Ball
Wild Pitch!
Chris Henderson to second
1-0: Ball
2-0: Ball
3-0: Called Strike
3-1: Base on Balls
Batting: LHB Pedro López 0-0: Ball
1-0: Foul Ball, location: 2F
1-1: Swinging Strike
1-2: Ball
2-2: Ball
3-2: Strikes out swinging
Batting: RHB Jason Duncan 0-0: Called Strike
0-1: Foul Ball, location: 2F
0-2: Fly out, F9 (Flyball, 89M)
Bottom of the 6th over - 0 run(s), 1 hit(s), 0 error(s), 2 left on base; Remsen 1 - Atlantic City 0
TOP OF THE 7TH
Remsen Alphas batting - Pitching for Atlantic City Sonics : RHP Ramón Leyva
Batting: RHB Iván Ríos 0-0: Fly out, F9 (Flyball, 9LM)
Batting: RHB Bernaldyn Berbedo 0-0: Foul Ball, location: 2F
0-1: Ball
1-1: Ground out 6-3 (Groundball, 6)
Batting: RHB Juan Salinas 0-0: Foul Ball, location: 2F
0-1: Foul Ball, location: 2F
0-2: Foul Ball, location: 2F
0-2: Ground out 6-3 (Groundball, 6)
Top of the 7th over - 0 run(s), 0 hit(s), 0 error(s), 0 left on base; Remsen 1 - Atlantic City 0
BOTTOM OF THE 7TH
Atlantic City Sonics batting - Pitching for Remsen Alphas : RHP José Cabrera
Batting: RHB Marty Hayden 0-0: Ball
1-0: Foul Ball, location: 2F
1-1: Foul Ball, location: 2F
1-2: Strikes out swinging
Batting: LHB Steven Johnson 0-0: Called Strike
0-1: Called Strike
0-2: Ball
1-2: Ground out 4-3 (Groundball, 4)
Batting: RHB Michael Bucknell 0-0: Foul Ball, location: 2F
0-1: Ball
1-1: Ball
2-1: Fly out, F8 (Flyball, 8RS)
Bottom of the 7th over - 0 run(s), 0 hit(s), 0 error(s), 0 left on base; Remsen 1 - Atlantic City 0
TOP OF THE 8TH
Remsen Alphas batting - Pitching for Atlantic City Sonics : RHP Ramón Leyva
Pitching: RHP Bob Manning
Batting: RHB Bert Motevassel 0-0: Foul Ball, location: 2F
0-1: Swinging Strike
0-2: Ball
1-2: Ball
2-2: Foul Ball, location: 2F
2-2: Ball
3-2: Strikes out swinging
Batting: RHB Rafael Herrera 0-0: DOUBLE (Groundball, 3D)
Pinch Hitting: RHB Jim Unknown 0-0: Intentional Walk
Batting: RHB Bryan Wilson 0-0: Called Strike
0-1: Fly out, F7 (Flyball, 78M)
Batting: RHB Francisco García 0-0: Ball
1-0: Fly out, F2 (Popup, 2RF)
Top of the 8th over - 0 run(s), 1 hit(s), 0 error(s), 2 left on base; Remsen 1 - Atlantic City 0
BOTTOM OF THE 8TH
Atlantic City Sonics batting - Pitching for Remsen Alphas : RHP José Cabrera
Now at 2B: Jim Unknown
Now at SS: Keith Blackwell
Batting: RHB António Granados 0-0: Called Strike
0-1: Ball
1-1: Ball
2-1: Ball
3-1: Base on Balls
Batting: RHB Thomas Campbell 0-0: Ball
1-0: Called Strike
1-1: Foul Ball, location: 2F
1-2: Ball
2-2: Ground out 5-3 (Groundball, 5S)
António Granados to second
Pinch Hitting: LHB Jim Unknown 0-0: Called Strike
0-1: Foul Ball, location: 2F
0-2: Strikes out swinging
Batting: RHB Jesús Orozco 0-0: Called Strike
0-1: Ground out 4-3 (Groundball, 4)
Bottom of the 8th over - 0 run(s), 0 hit(s), 0 error(s), 1 left on base; Remsen 1 - Atlantic City 0
TOP OF THE 9TH
Remsen Alphas batting - Pitching for Atlantic City Sonics : RHP Bob Manning
Pitching: LHP Miguel Canó
Now in RF: Jim Unknown
Batting: RHB José Magana 0-0: Ball
1-0: Ball
2-0: Called Strike
2-1: Swinging Strike
2-2: Strikes out swinging
Batting: RHB Iván Ríos 0-0: Ground out 1-3 (Groundball, 15)
Batting: RHB Bernaldyn Berbedo 0-0: Swinging Strike
0-1: Swinging Strike
0-2: Foul Ball, location: 2F
0-2: Foul Ball, location: 2F
0-2: Strikes out swinging
Top of the 9th over - 0 run(s), 0 hit(s), 0 error(s), 0 left on base; Remsen 1 - Atlantic City 0
BOTTOM OF THE 9TH
Atlantic City Sonics batting - Pitching for Remsen Alphas : RHP José Cabrera
Batting: LHB Pedro López 0-0: Ball
1-0: Called Strike
1-1: Fly out, F7 (Flyball, 7LS)
Pinch Hitting: LHB Jim Unknown 0-0: Ball
1-0: Ball
2-0: Called Strike
2-1: Called Strike
2-2: Fly out, F9 (Flyball, 9LD)
Pitching: LHP Frenk Norman
Pinch Hitting: RHB César Ramírez 0-0: Swinging Strike
0-1: Foul Ball, location: 2F
0-2: Fly out, F8 (Flyball, 8LXD)
Bottom of the 9th over - 0 run(s), 0 hit(s), 0 error(s), 0 left on base; Remsen 1 - Atlantic City 0
This league is powered by Out of the Park Baseball, the baseball management simulation game for PC, Mac and Linux
Monday, May 4th, 2015 - OOTP Baseball 15.6 Build 34